 Dungeon Crawl Stone Soup version 0.16.3-4-gc506b73efe (webtiles) character file.

672 BreadTh the Skirmisher (level 7, -15/76 HPs)
             Began as an Ogre Skald on May 1, 2022.
             Demolished by an orc warrior
             ... wielding a +0 dire flail
              (16 damage)
             ... on level 5 of the Dungeon.
             The game lasted 00:18:33 (5640 turns).

BreadTh the Skirmisher (Ogre Skald)                 Turns: 5640, Time: 00:18:33

Health: -15/76     AC:  9    Str: 20    XL:     7   Next: 58%
Magic:  5/12       EV:  9    Int: 11    God:
Gold:   144        SH:  0    Dex:  9    Spells: 4 memorised, 1 level left

rFire  . . .     SeeInvis .     g - +1 hammer (protect)
rCold  . . .     Clarity  .     b - +0 robe
rNeg   . . .     SustAb   .     (shield restricted)
rPois  .         Gourm    .     (helmet restricted)
rElec  .         Spirit   .     l - +0 cloak
rCorr  .         Warding  .     (gloves unavailable)
rMut   .         Stasis   .     (boots unavailable)
MR     .....                    (no amulet)
Stlth  +.........               (no ring)
                                (no ring)

@: very slightly contaminated, not resistant to hostile enchantments, very
unstealthy
A: unfitting armour, tough skin 1
a: no special abilities


You were on level 5 of the Dungeon.
You were not hungry.

You visited 1 branch of the dungeon, and saw 5 of its levels.

You collected 144 gold pieces.

Inventory:

Hand weapons
 g - a +1 hammer of protection (weapon)
 i - a +0 giant spiked club
 j - a +2 mace of protection
 m - a +3 quarterstaff of chaos
 t - a +1 mace of protection
 v - a cursed -3 whip
 C - a +1 spear of freezing
Missiles
 f - 77 stones (quivered)
Armour
 b - a +0 robe (worn)
 l - a +0 cloak (worn)
Magical devices
 z - a wand of slowing (14)
Scrolls
 a - 3 scrolls of immolation {unknown}
 e - 2 scrolls of identify {unknown}
 h - 5 scrolls of remove curse {unknown}
 o - a scroll of fog {unknown}
 q - 4 scrolls of enchant weapon {unknown}
 y - a scroll of random uselessness {unknown}
Potions
 k - a potion of magic {unknown}
 n - 2 potions of flight {unknown}
 p - a potion of ambrosia {unknown}
 r - a potion of restore abilities {unknown}
 u - a potion of brilliance {unknown}
 w - a potion of curing {unknown}
 A - a potion of mutation {unknown}
 B - a potion of haste {unknown}
Books
 c - a book of Battle

   Spells                             Type                      Level
   a - Infusion                       Charms                       1
   b - Shroud of Golubria             Charms/Translocation         2
   c - Song of Slaying                Charms                       2
   d - Spectral Weapon                Hexes/Charms                 3
   e - Regeneration                   Charms/Necromancy            3
Comestibles
 d - 3 meat rations
 s - 3 beef jerkies
 x - 2 bread rations
 D - 5 chunks of flesh


   Skills:
 + Level 6.8 Fighting
 + Level 6.4 Maces & Flails
 + Level 4.7 Throwing
 - Level 0.7 Armour
 - Level 0.8 Dodging
 - Level 2.4 Spellcasting
 - Level 2.1 Charms


You had one spell level left.
You knew the following spells:

 Your Spells              Type           Power        Failure   Level  Hunger
a - Infusion              Chrm           #.....       14%         1    ##.....
b - Shroud of Golubria    Chrm/Tloc      #.........   30%         2    ###....
c - Regeneration          Chrm/Necr      #.........   61%         3    ####...
d - Spectral Weapon       Hex/Chrm       #.......     61%         3    ####...


Dungeon Overview and Level Annotations

Branches:
Dungeon (5/15)
 Temple: D:4-7

Altars:


Innate Abilities, Weirdness & Mutations

You are too large for most types of armour.
You have tough skin (AC +1).


Message History

Your shroud begins to fray at the edges.
You are no longer magically infusing your attacks.
The orc warrior barely misses you.
Casting: Shroud of Golubria
Confirm with . or Enter, or press ? or * to list all spells.
You miscast Shroud of Golubria.
You are very lightly contaminated with residual magic.
You spin around.
Casting: Shroud of Golubria
Confirm with . or Enter, or press ? or * to list all spells.
You renew your shroud.
The orc warrior hits you with a dire flail!
* * * LOW HITPOINT WARNING * * *
You hit the orc warrior.
The orc warrior is almost dead.
The orc warrior hits you but does no damage.
You hit the orc warrior but do no damage.
The orc warrior is almost dead.
The orc warrior hits you with a dire flail!
You die...

#.......#
#.......########
#..............#
+..............#
#..............####
#..................
#....<.........)...
#+#####+#######+###....
#....o@...........#....
#.....#...........#)...
#.....#...........)....
#.....#...........#....
#.....#...........#....
#.....#...........#....
.....#.....>.....#....
..###..###))....#....
#..# #......#....


You could see an orc warrior.

Vanquished Creatures
  An ogre (D:3)
  2 crimson imps
  A wasp zombie (D:3)
  A giant frog skeleton (D:4)
  Crazy Yiuf (D:2)
  An orc priest (D:3)
  2 hounds (D:4)
  An orc wizard (D:5)
  An iguana (D:4)
  3 worker ants
  2 adders
  8 gnolls
  2 giant mites (D:3)
  A worm (D:2)
  An ooze (D:4)
  17 orcs
  3 ball pythons
  11 hobgoblins
  2 jackals (D:1)
  8 bats
  5 giant cockroaches
  2 giant geckos
  5 giant newts
  10 goblins
  A jackal skeleton (D:4)
  10 kobolds
  10 rats
112 creatures vanquished.

Notes
Turn   | Place    | Note
--------------------------------------------------------------
     0 | D:1      | BreadTh, the Ogre Skald, began the quest for the Orb.
     0 | D:1      | Reached XP level 1. HP: 22/22 MP: 3/3
   135 | D:1      | Reached skill level 3 in Maces & Flails
   341 | D:1      | Reached XP level 2. HP: 20/31 MP: 5/5
   594 | D:1      | Reached skill level 1 in Throwing
   909 | D:1      | Reached XP level 3. HP: 37/37 MP: 6/6
  1701 | D:2      | Noticed Crazy Yiuf
  1711 | D:2      | Killed Crazy Yiuf
  1711 | D:2      | Reached skill level 4 in Fighting
  1711 | D:2      | Reached XP level 4. HP: 18/48 MP: 2/8
  2473 | D:3      | Reached XP level 5. HP: 19/55 MP: 9/9
  3258 | D:3      | Reached skill level 5 in Fighting
  3258 | D:3      | Reached skill level 5 in Maces & Flails
  3537 | D:3      | Reached XP level 6. HP: 59/66 MP: 11/11
  4465 | D:2      | Learned a level 2 spell: Shroud of Golubria
  4469 | D:2      | Learned a level 3 spell: Regeneration
  4473 | D:2      | Learned a level 3 spell: Spectral Weapon
  4633 | D:3      | Reached skill level 6 in Fighting
  4633 | D:3      | Reached XP level 7. HP: 61/75 MP: 7/12
  5548 | D:5      | Entered Level 5 of the Dungeon
  5638 | D:5      | HP: 1/76 [orc warrior/dire flail (9)]
  5640 | D:5      | Demolished by an orc warrior

Action                   |  1- 3 |  4- 6 |  7- 9 || total
-------------------------+-------+-------+-------++-------
Melee: Mace              |    96 |     3 |       ||    99
       Hammer            |       |   271 |   110 ||   381
Throw: Stone             |     3 |       |       ||     3
 Cast: Infusion          |     2 |     2 |     1 ||     5
       Regeneration      |       |     2 |       ||     2
       Shroud of Golubri |       |     1 |     5 ||     6
  Eat: Chunk             |     3 |     9 |     3 ||    15
       Pizza             |       |     1 |       ||     1
